 Dungeon Crawl Stone Soup version 0.30-a0-883-g5ad918d77d (webtiles) character file.

Game seed: 8292059279997758717

253 Sanktem7 the Chopper (level 5, -3/47 HPs)
             Began as a Minotaur Fighter on Mar 16, 2023.
             Killed by divine providence
             ... invoked by an orc priest
              (9 damage)
             ... on level 4 of the Dungeon.
             The game lasted 00:04:08 (2504 turns).

Sanktem7 the Chopper (Minotaur Fighter)             Turns: 2504, Time: 00:04:08

Health: -3/47      AC:  8    Str: 23    XL:     5   Next: 90%
Magic:  0/4        EV: 14    Int:  5    God:
Gold:   164        SH:  4    Dex:  9    Spells: 4/4 levels left

rFire   . . .      SeeInvis .    a - +0 war axe {axe}
rCold   . . .      Faith    .    c - +0 buckler
rNeg    + . .      Spirit   +    b - +0 scale mail
rPois   .          Reflect  .    (helmet restricted)
rElec   .          Rampage  .    (no cloak)
rCorr   .                        n - +0 pair of gloves
Will    .....                    (no boots) Stlth
                                 v - amulet of guardian spirit
HPRegen 0.27/turn                i - ring of positive energy
MPRegen 0.09/turn                m - +5 ring of evasion

@: no status effects
A: horns 2, retaliatory headbutt
a: no special abilities


You were on level 4 of the Dungeon.
You visited 1 branch of the dungeon, and saw 4 of its levels.

You collected 164 gold pieces.


Innate Abilities, Weirdness & Mutations

You have a pair of horns on your head.
You reflexively headbutt those who attack you in melee.


   Skills:
 + Level 4.8 Fighting
 * Level 5.1 Axes
 + Level 4.7 Armour
 + Level 4.8 Shields


You had 4 spell levels left.
You didn't know any spells.
Your spell library contained the following spells:

 Spells                   Type           Power      Damage    Failure   Level
 Apportation              Tloc           0%         N/A       86%         1
 Necrotise                Necr           0%         1d4       86%         1
 Summon Small Mammal      Summ           0%         N/A       86%         1
 Vampiric Draining        Necr           0%         2d6       99%         3
 Agony                    Necr           0%         N/A       100%        5

Inventory:

Hand Weapons
 a - a +0 war axe (weapon) {axe}
 w - a +1 dire flail of holy wrath {mace}
   (You took it off Edmund on level 4 of the Dungeon)
Missiles
 g - 50 stones (quivered) {throwing}
Armour
 b - a +0 scale mail (worn)
 c - a +0 buckler (worn)
 n - a +0 pair of gloves (worn)
   (You found it on level 1 of the Dungeon)
Jewellery
 i - a ring of positive energy (left hand)
   (You found it on level 1 of the Dungeon)
 m - a +5 ring of evasion (right hand)
   (You found it on level 1 of the Dungeon)
 v - an amulet of guardian spirit (around neck)
   (You found it on level 4 of the Dungeon)
Wands
 x - a wand of flame (28)
   (You took it off Edmund on level 4 of the Dungeon)
Scrolls
 e - 3 scrolls of noise {unknown}
 h - a scroll of blinking {unknown}
 k - 3 scrolls of teleportation {unknown}
 o - 3 scrolls of immolation {unknown}
 q - a scroll of amnesia {unknown}
 r - a scroll of poison {unknown}
 s - a scroll of magic mapping {unknown}
 t - a scroll of identify {unknown}
 u - a scroll of vulnerability {unknown}
 y - a scroll of torment {unknown}
Potions
 d - 2 potions of might
 f - 2 potions of lignification {unknown}
 j - 2 potions of curing {unknown}
 l - a potion of heal wounds {unknown}
 p - a potion of invisibility {unknown}

Dungeon Overview and Level Annotations

Branches:
Dungeon (4/15) Zot: 21448
 Temple: D:4-7

Altars:
Makhleb
Qazlal
Uskayaw

Annotations:
D:4 1 runed translucent door, relicbr's ghost, novice MiGl

...##.###.# ###..#.P#
#.# #.
#..##.###.###....+?8#
#.
.........[.##.#..#.P#
#.
...##.###...#.#######
##
#..##..†.........##.#
#..##.###...#.##..#.#
#.###.# ##.##.##.#..#
......# #.##...!...#
..##### #.#####@#.##
..# ..# ##.## ..# ###
#o# ..# #)# ..# #o#
..# #o# ..# #.# ).#
#.# ..# #.#


You could see 2 orc priests and an orc.


Message History

You take 4 damage, and now have 22/41 hp.
You hit Edmund. You block Edmund's attack.
You hit Edmund. You headbutt Edmund. Edmund closely misses you.
You slash Edmund!
You kill Edmund!
You have reached level 5! 😮 HP[+4]
You now have 47 max hp (+6).
You regained 4 hp, and now have 26/47 hp.
w - a +1 dire flail of holy wrath {mace}
x - a wand of flame (28)
Things that are here:
a +3 leather armour of cold resistance; the human corpse of Edmund 😎 HP[+21] MP[+2]
Your hp is fully restored (47).
Your mp is fully restored (4).
You now have 148 gold pieces (gained 12).
There is a stone staircase leading up here.
There is a stone staircase leading up here.
Found a stone staircase leading up.
y - a scroll labelled NIDONIHEUNOY
There is a stone staircase leading up here.
You now have 164 gold pieces (gained 16).
You see here a dart slug corpse.
Found an escape hatch in the floor.
An orc priest comes into view. It is wielding a +0 hand axe.
The orc priest shouts!
You hear a shout!
You see here a potion of might.
An orc priest is nearby!
An orc comes into view. It is wielding a +0 dagger.
The orc shouts!
An orc comes into view. It is wielding a +0 flail.
The orc shouts!
The orc priest calls down the wrath of Beogh upon you.
Pain shoots through your body!
An orc priest comes into view. It is wielding a +0 trident.
You slash the orc priest!
The orc priest hits you but does no damage.
The orc priest mumbles some strange prayers to Beogh against you.
Beogh smites you!
You hear a shout!
You are too injured to fight recklessly!
You are too injured to fight recklessly! 😮 HP[-17] MP[-1]
You take 17 damage, and now have 30/47 hp.
MASSIVE DAMAGE!! (PAUSE)
You lost 1 mp, and now have 3/4 mp.
You hit the orc priest.
You kill the orc priest!
Your Axes skill increases to level 5!
An orc priest comes into view. It is wielding a +0 dagger.
The orc priest shouts!
The orc priest invokes the aid of Beogh against you.
Beogh smites you!
* * * LOW HITPOINT WARNING * * *
The orc misses you.
You see here a +0 hand axe {axe}. 😨 HP[-7] MP[-1]
You take 7 damage, and now have 23/47 hp.
You lost 1 mp, and now have 2/4 mp.
You slash the orc! You completely miss the orc. You headbutt the orc.
The orc hits you with a +0 flail.
* * * LOW HITPOINT WARNING * * *
😨 HP[-5] MP[-1]
You take 5 damage, and now have 18/47 hp.
You lost 1 mp, and now have 1/4 mp.
You closely miss the orc. The orc closely misses you. 😨 HP[+1]
You hit the orc. The orc misses you.
The orc priest begins to cast a cantrip, but forgets the words!
The orc closely misses you.
You barely miss the orc. The orc hits you but does no damage.
You hit the orc.
You kill the orc! 😨 HP[+1]
You barely miss the orc. Your headbutt misses the orc.
The orc hits you with a +0 dagger.
* * * LOW HITPOINT WARNING * * *
The orc hits you but does no damage.
The orc priest looks braver for a moment. 😨 HP[-1] MP[+1]
You take 1 damage, and now have 19/47 hp.
You hit the orc but do no damage.
The orc priest hits you from afar with a +0 trident.
* * * LOW HITPOINT WARNING * * *
The orc priest calls down the wrath of Beogh upon you.
Beogh smites you!
* * * LOW HITPOINT WARNING * * *
The orc hits you with a +0 dagger.
* * * LOW HITPOINT WARNING * * *
😱 HP[-14] MP[-1]
You take 14 damage, and now have 5/47 hp.
MASSIVE DAMAGE!! (PAUSE)
You lost 1 mp, and now have 1/4 mp.
The orc attacks as you move away! You block the orc's attack. 😱 HP[+1]
The orc attacks as you move away! The orc hits you but does no damage.
The orc priest calls down the wrath of Beogh upon you.
Beogh smites you!
You die...

Skill      XL: |  1  2  3  4  5 |
---------------+----------------+-----
Axes           | 3 4 5 |  5.1
Fighting       | 4 |  4.8
Shields        | 4 |  4.8
Armour         | 4 |  4.7

Action                     |  1- 3 |  4- 6 || total
---------------------------+-------+-------++-------
  Melee: War axe           |    82 |    50 ||   132
         Headbutt          |     7 |     6 ||    13
 Armour: Scale mail        |    35 |    11 ||    46
  Dodge: Dodged            |    54 |    33 ||    87
  Block: Buckler           |    19 |    10 ||    29

Levels and vault maps discovered:
D:1:      roderic_chinese_lattice_arrival, layout_rooms, st_stairs_9, hex_tiny,
          minmay_door_square, dk_noncrumbling_2
D:2:      layout_basic, st_stairs_7
D:3:      layout_loops_corners, old_standard_altar,
          mainiacjoe_overflow_cross_hatched
D:4:      layout_loops_ring, mainiacjoe_overflow_tiny_flanked,
          mainiacjoe_overflow_paths, serial_shops, nicolae_shop_hallway_plus,
          gammafunk_ghost_grave, uniq_edmund

Notes
Turn   | Place    | Note
-------+----------+-------------------------------------------
     0 | D:1      | Sanktem7 the Minotaur Fighter began the quest for the Orb.
     0 | D:1      | Reached XP level 1. HP: 19/19 MP: 0/0
     0 | D:1      | magus.rc [v1.9.6]
    64 | D:1      | You pick up a book of Necromancy and begin reading...
    64 | D:1      | You add the spells Necrotise, Vampiric Draining and Agony
                  | to your library.
   150 | D:1      | Reached XP level 2. HP: 27/27 MP: 1/1
   162 | D:1      | Reached skill level 3 in Axes
   683 | D:2      | Reached skill level 4 in Fighting
   683 | D:2      | Reached skill level 4 in Shields
   697 | D:2      | Reached XP level 3. HP: 33/33 MP: 2/2
   746 | D:2      | Reached skill level 4 in Armour
  1019 | D:2      | You pick up a book of Cantrips and begin reading...
  1019 | D:2      | You add the spells Summon Small Mammal and Apportation to
                  | your library.
  1511 | D:3      | Reached XP level 4. HP: 40/40 MP: 3/3
  1709 | D:3      | Reached skill level 4 in Axes
  1714 | D:3      | Found a hide-covered altar of Uskayaw.
  1734 | D:3      | Found a burning altar of Makhleb.
  2298 | D:4      | Found a stormy altar of Qazlal.
  2338 | D:4      | Noticed Edmund
  2347 | D:4      | Killed Edmund
  2348 | D:4      | Reached XP level 5. HP: 26/47 MP: 2/4
  2478 | D:4      | Found a runed translucent door.
  2478 | D:4      | Noticed relicbr's ghost (novice MiGl)
  2493 | D:4      | Reached skill level 5 in Axes
  2501 | D:4      | HP: 6/47 [orc priest/divine providence (10)]
  2504 | D:4      | Killed from afar by an orc priest

Vanquished Creatures
  Edmund (D:4)
  An orc priest (D:4)
  3 adders (D:3)
  2 dart slugs (D:4)
  4 orcs
  10 ball pythons
  5 bats
  4 endoplasms
  4 giant cockroaches (D:1)
  2 goblins
  10 hobgoblins
  6 jackals
  8 kobolds
  3 quokkas
  A frilled lizard (D:2)
  3 rats
67 creatures vanquished.

Table legend:
 A = Non-vault XP
 B = Vault XP
 C = Vault XP percentage of total XP
 D = Non-vault monster count
 E = Vault monster count
 F = Vault count percentage of total count
                 A         B        C        D         E       F
            +---------+---------+-------+---------+---------+-------
      Total |     194 |     168 |  46.4 |      63 |       4 |   6.0
            +---------+---------+-------+---------+---------+-------
        D:1 |      28 |       3 |   9.7 |      17 |       2 |  10.5
        D:2 |      41 |       1 |   2.4 |      23 |       1 |   4.2
        D:3 |      66 |       0 |   0.0 |      15 |       0 |   0.0
        D:4 |      59 |     164 |  73.5 |       8 |       1 |  11.1
            +---------+---------+-------+---------+---------+-------

Illustrated notes

Table legend:
 A = Kills in this place as a percentage of kills in the entire game.
 B = Kills by you in this place as a percentage of kills by you in the entire game.
 C = Kills by friends in this place as a percentage of kills by friends in the entire game.
 D = Other kills in this place as a percentage of other kills in the entire game.
 E = Experience gained in this place as a percentage of experience gained in the entire game.
 F = Experience gained in this place divided by the number of levels of this place that you have seen.
                   A       B       C       D       E      F
               +-------+-------+-------+-------+-------+----------------------
         Total | 100.0 | 100.0 |   N/A |   N/A | 100.0 |  90.5
       Dungeon | 100.0 | 100.0 |   N/A |   N/A | 100.0 |  90.5
               +-------+-------+-------+-------+-------+----------------------

Table legend: (Time is in decaauts)
 A = Elapsed time spent in this place.
 B = Non-inter-level travel time spent in this place.
 C = Inter-level travel time spent in this place.
 D = Time resting spent in this place.
 E = Time spent auto-exploring this place.
 F = Levels seen in this place.
 G = Mean time per level.
                   A        B        C        D        E       F      G
               +--------+--------+--------+--------+--------+-----+--------+
         Total |   2550 |   2498 |     52 |      0 |   2066 |   4 |  637.5 |
       Dungeon |   2550 |   2498 |     52 |      0 |   2066 |   4 |  637.5 |
               +--------+--------+--------+--------+--------+-----+--------+

Top non-repeatable levels by time:
     D:3: 835 daAuts
     D:2: 680 daAuts
     D:1: 629 daAuts
     D:4: 405 daAuts
